 Dungeon Crawl Stone Soup version 0.27-a0-1332-g84bddb5ca7 (webtiles) character file.

Game seed: 16930529601104671896

15 Armakuni the Skirmisher (level 2, 0/24 HPs)
             Began as a Human Monk on June 25, 2021.
             Succumbed to a goblin's poison
             ... on level 1 of the Dungeon.
             The game lasted 00:01:31 (461 turns).

Armakuni the Skirmisher (Human Monk)                 Turns: 461, Time: 00:01:31

Health: 0/24       AC: 10    Str: 11    XL:     2   Next: 65%
Magic:  2/2        EV: 11    Int: 10    God:
Gold:   43         SH:  0    Dex: 15    Spells: 1/1 levels left

rFire    . . .     SeeInvis .   a - +0 mace
rCold    . . .     Faith    .   (no shield)
rNeg     . . .     Spirit   .   g - +4 ring mail
rPois    .         Reflect  .   (no helmet)
rElec    .         Harm     .   (no cloak)
rCorr    .         Rampage  .   (no gloves)
Will     .....                  c - +0 pair of boots
Stlth    +.........             (no amulet)
HPRegen  0.08/turn              (no ring)
MPRegen  0.08/turn              (no ring)

@: lethally poisoned (0 -> -5)
A: no striking features
a: no special abilities


You were on level 1 of the Dungeon.
You visited 1 branch of the dungeon, and saw 1 of its levels.

You collected 43 gold pieces.

Inventory:

Hand Weapons
 a - a +0 mace (weapon)
Armour
 c - a +0 pair of boots (worn)
 g - a +4 ring mail (worn)
Scrolls
 d - 2 scrolls of identify


   Skills:
 + Level 3.4 Fighting
 + Level 3.4 Maces & Flails
 - Level 3.0 Dodging
 - Level 2.0 Stealth


You had one spell level left.
You didn't know any spells.
Your spell library was empty.

Dungeon Overview and Level Annotations

Branches:
Dungeon (1/15)

Altars:

Shops:
D:1 [


Message History

You finish putting on your +4 ring mail.
Drop what? 6/52 slots (_ for help) (? for menu, Esc to quit)
You drop a +0 robe.
Items here: ( )) ÷.
Blink to where?
Press: ? - help, Dir - move target
As you read the scroll labelled MAYMOM NOFE, it crumbles to dust.
It was a scroll of blinking.
Search for what [Enter for "weapon", or ? for help]?
Items here: ( )) ÷.
A giant cockroach comes into view.
The goblin hits you but does no damage.
You are poisoned.
You barely miss the goblin.
You feel very sick.
The goblin hits you with a +0 dagger of venom.
You are lethally poisoned!
You closely miss the goblin.
You feel very sick.
The giant cockroach bites you but does no damage.
The goblin hits you but does no damage.
You hit the goblin.
You kill the goblin!
You feel very sick.
The giant cockroach bites you but does no damage. x2
You aren't carrying any potions.
* * * LOW HITPOINT WARNING * * *
You feel very sick.
You barely miss the giant cockroach.
* * * LOW HITPOINT WARNING * * *
You feel sick.
The giant cockroach bites you but does no damage.
The giant cockroach misses you.
You barely miss the giant cockroach.
* * * LOW HITPOINT WARNING * * *
You feel sick. The giant cockroach barely misses you.
You don't have any unidentified items.
You aren't carrying any items that you can evoke.
Unknown command.
You die...

#.#...).#[## ##
#.###.###)#
#.........#
###.##..###
#.##.######
#.........#
##........##
####..........
##.>@.B......#.
##............#.
#......)....^...
#..........#..##
#............##
#..........###
#............#
##........##.#
#..........#.#


You could see a giant cockroach.

Vanquished Creatures
  An endoplasm (D:1)
  2 goblins (D:1)
  2 hobgoblins (D:1)
  2 ball pythons (D:1)
  2 frilled lizards (D:1)
  3 kobolds (D:1)
  4 rats (D:1)
16 creatures vanquished.

Vanquished Creatures (others)
  2 plants (D:1)
2 creatures vanquished.

Grand Total: 18 creatures vanquished

Notes
Turn   | Place    | Note
-------+----------+-------------------------------------------
     0 | D:1      | Armakuni the Human Monk began the quest for the Orb.
     0 | D:1      | Reached XP level 1. HP: 18/18 MP: 1/1
   221 | D:1      | Reached XP level 2. HP: 14/24 MP: 2/2
   390 | D:1      | Found Jetucuv's Antique Armour Shoppe.
   461 | D:1      | Succumbed to a goblin's poison

Illustrated notes

Levels and vault maps discovered:
D:1:      dpeg_arrival_rooms_c, layout_rooms, basic_ecumenical_altar,
          serial_shops, nicolae_shop_overgrown_old_shop, minmay_split_cup_large

Action                   || total
-------------------------++-------
Melee: Mace              ||    40
  Use: Scroll            ||     2
 Stab: Sleeping          ||     3
Armor: Robe              ||     9
       Ring mail         ||     6
Dodge: Dodged            ||    19

Table legend: (Time is in decaauts)
 A = Elapsed time spent in this place.
 B = Non-inter-level travel time spent in this place.
 C = Inter-level travel time spent in this place.
 D = Time resting spent in this place.
 E = Time spent auto-exploring this place.
 F = Levels seen in this place.
 G = Mean time per level.
                   A        B        C        D        E       F      G
               +--------+--------+--------+--------+--------+-----+--------+
         Total |    470 |    470 |      0 |    124 |    173 |   1 |  470.0 |
       Dungeon |    470 |    470 |      0 |    124 |    173 |   1 |  470.0 |
               +--------+--------+--------+--------+--------+-----+--------+

Top non-repeatable levels by time:
     D:1: 470 daAuts
